 Dungeon Crawl Stone Soup version 0.29-a0-330-g52719c12eb (webtiles) character file.

Game seed: 1698672774630873640

22 Leszczynek the Insei (level 3, -2/28 HPs)
             Began as a Human Gladiator on Apr 20, 2022.
             Slain by a kobold brigand
             ... wielding a +0 dagger
              (3 damage)
             ... on level 4 of the Dungeon.
             The game lasted 00:05:23 (779 turns).

Leszczynek the Insei (Human Gladiator)               Turns: 779, Time: 00:05:23

Health: -2/28      AC: 13    Str: 14    XL:     3   Next: 7%
Magic:  3/3        EV: 11    Int: 10    God:
Gold:   121        SH:  0    Dex: 14    Spells: 2/2 levels left

rFire   + . .      SeeInvis .   a - +0 short sword (protect)
rCold   + . .      Faith    .   (no shield)
rNeg    . . .      Spirit   .   e - +0 ring mail
rPois   +          Reflect  .   b - +0 helmet
rElec   +          Harm     .   (no cloak)
rCorr   +          Rampage  .   (no gloves)
Will    .....                   (no boots)
Stlth   +.........              (no amulet)
HPRegen 0.09/turn               (no ring)
MPRegen 0.08/turn               (no ring)

@: mighty, resistant, under a protective aura, invisible
A: no striking features
a: no special abilities


You were on level 4 of the Dungeon.
You visited 1 branch of the dungeon, and saw 4 of its levels.

You collected 121 gold pieces.

Inventory:

Hand Weapons
 a - a +0 short sword of protection (weapon)
Missiles
 c - a throwing net (quivered)
 d - 4 javelins
Armour
 b - a +0 helmet (worn)
 e - a +0 ring mail (worn)
 g - a +0 leather armour
 j - a +0 robe
Scrolls
 f - a scroll of amnesia {unknown}


   Skills:
 + Level 2.3 Fighting
 - Level 2.0 Throwing
 - Level 3.0 Dodging
 + Level 3.2 Unarmed Combat
 * Level 1.6 Transmutations


You had 2 spell levels left.
You didn't know any spells.
Your spell library was empty.

Dungeon Overview and Level Annotations

Branches:
Dungeon (4/15)
 Temple: D:4-7

Altars:


Message History

The kobold brigand is moderately wounded.
The kobold brigand hits you with a +0 dagger.
You barely miss the kobold brigand.
The kobold brigand is moderately wounded.
The kobold brigand closely misses you.
You hit the kobold brigand but do no damage.
The kobold brigand is moderately wounded.
The kobold brigand misses you.
You barely miss the kobold brigand.
The kobold brigand is moderately wounded.
The kobold brigand misses you.
You hit the kobold brigand but do no damage.
The kobold brigand is moderately wounded.
The kobold brigand hits you with a +0 dagger.
You hit the kobold brigand.
The kobold brigand is heavily wounded.
The kobold brigand hits you but does no damage.
It was a potion of resistance.
You feel protected.
The kobold brigand hits you with a +0 dagger.
* * * LOW HITPOINT WARNING * * *
It was a potion of might.
You feel very mighty all of a sudden.
The kobold brigand hits you with a +0 dagger.
* * * LOW HITPOINT WARNING * * *
It was a potion of curing.
You feel better.
The kobold brigand hits you with a +0 dagger.
You puncture the kobold brigand!
The kobold brigand is severely wounded.
The kobold brigand misses you.
The kobold brigand hits you with a +0 dagger.
* * * LOW HITPOINT WARNING * * *
You closely miss the kobold brigand.
The kobold brigand is severely wounded.
The kobold brigand hits you with a +0 dagger.
* * * LOW HITPOINT WARNING * * *
It was a potion of invisibility.
You fade into invisibility!
The kobold brigand hits you with a +0 dagger.
You die...

#.....####
#....## #....#
#....#
##########....#
#...........###
#...........#
#..K........#
#.@.........#
#...........#
#############


You could see a kobold brigand (can't see you).

Vanquished Creatures
  A ball python (D:1)
  A bat (D:2)
  3 endoplasms
  A giant cockroach (D:1)
  A goblin (D:2)
  4 hobgoblins
  2 jackals (D:2)
  A quokka (D:1)
  2 kobolds
  2 rats
18 creatures vanquished.

Notes
Turn   | Place    | Note
-------+----------+-------------------------------------------
     0 | D:1      | Leszczynek the Human Gladiator began the quest for the Orb.
     0 | D:1      | Reached XP level 1. HP: 16/16 MP: 1/1
     0 | D:1      | okay, let's go all in into tmut instead
   222 | D:1      | Reached skill level 1 in Transmutations
   222 | D:1      | Reached XP level 2. HP: 11/22 MP: 2/2
   503 | D:2      | Reached XP level 3. HP: 8/28 MP: 3/3
   683 | D:4      | Noticed a kobold brigand
   775 | D:4      | HP: 5/28 [kobold brigand/+0 dagger (1)]
   778 | D:4      | HP: 1/28 [kobold brigand/+0 dagger (6)]
   779 | D:4      | Slain by a kobold brigand

Illustrated notes

# .# . # .#
####.####.####.
...............
.......@.......
...............
####.####.####.
# .# . .# #


Turn 0 on D:1: okay, let's go all in into tmut instead

Levels and vault maps discovered:
D:1:      dpeg_arrival_chambers_temple_mockup, layout_basic,
          shapermc_ecumenical_altar_mp_highgroup, serial_shops, shop_fountains
D:2:      layout_basic
D:3:      layout_basic, ashenzari_altar_1
D:4:      layout_gridville, uniq_sigmund, uniq_blork_the_orc

Skill      XL: |  1 |
---------------+----+-----
Transmutations | 1 |  1.6
Fighting       | |  2.3
Throwing       | |  2.0
Dodging        | |  3.0
Unarmed Combat | |  3.2

Action                   || total
-------------------------++-------
Melee: Short sword       ||    65
       Unarmed           ||     7
       Punch             ||     2
Throw: Throwing net      ||     3
       Javelin           ||     1
  Use: Potion            ||     4
Armor: Ring mail         ||    28
       Leather armour    ||     1
Dodge: Dodged            ||    47

Table legend: (Time is in decaauts)
 A = Elapsed time spent in this place.
 B = Non-inter-level travel time spent in this place.
 C = Inter-level travel time spent in this place.
 D = Time resting spent in this place.
 E = Time spent auto-exploring this place.
 F = Levels seen in this place.
 G = Mean time per level.
                   A        B        C        D        E       F      G
               +--------+--------+--------+--------+--------+-----+--------+
         Total |    784 |    778 |      6 |      0 |      0 |   4 |  196.0 |
       Dungeon |    784 |    778 |      6 |      0 |      0 |   4 |  196.0 |
               +--------+--------+--------+--------+--------+-----+--------+

Top non-repeatable levels by time:
     D:2: 355 daAuts
     D:1: 254 daAuts
     D:3: 103 daAuts
     D:4: 70 daAuts
